 Dungeon Crawl Stone Soup version 0.29.1-1-gd02db6906a (webtiles) character file.

Game seed: 9081796275800554391

92 H0rd4k the Insei (level 4, -1/29 HPs)
             Began as an Octopode Transmuter on Oct 18, 2022.
             Slain by a phantom (7 damage)
             ... on level 3 of the Dungeon.
             The game lasted 00:01:55 (2862 turns).

H0rd4k the Insei (Octopode Transmuter)              Turns: 2862, Time: 00:01:55

Health: -1/29      AC:  1    Str:  9    XL:     4   Next: 60%
Magic:  7/7        EV: 13    Int: 17    God:
Gold:   121        SH:  0    Dex: 12    Spells: 6/7 levels left

rFire   . . .      SeeInvis .     - Unarmed
rCold   . . .      Faith    .   (no shield)
rNeg    . . .      Spirit   .   (helmet restricted)
rPois   .          Reflect  .   (no amulet)
rElec   .          Harm     .   (no ring)
rCorr   .          Rampage  .   (no ring)
Will    .....                   (no ring)
Stlth   +++.......              (no ring)
HPRegen 0.09/turn               (no ring)
MPRegen 0.10/turn               (no ring)
                                (no ring)
                                (no ring)

@: no status effects
A: almost no armour, amphibious, 8 rings, camouflage 1, gelatinous body 1,
(nimble swimmer 1), tentacles
a: no special abilities


You were on level 3 of the Dungeon.
You visited 1 branch of the dungeon, and saw 3 of its levels.

You collected 121 gold pieces.

Inventory:

Hand Weapons
 i - a +1 short sword of protection
Missiles
 l - 6 poisoned darts (quivered)
Jewellery
 h - a +4 ring of protection
 k - a +4 ring of protection
Scrolls
 e - 2 scrolls of identify {unknown}
 f - 2 scrolls of butterflies {unknown}
 g - a scroll of magic mapping {unknown}
 j - 3 scrolls of enchant weapon {unknown}
Potions
 a - 2 potions of lignification
 b - 2 potions of haste {unknown}
 c - a potion of flight {unknown}
 d - 2 potions of might {unknown}


   Skills:
 + Level 2.1 Fighting
 + Level 2.4 Dodging
 - Level 1.0 Stealth
 + Level 4.3 Unarmed Combat
 + Level 2.2 Spellcasting
 + Level 2.0 Transmutations


You had 6 spell levels left.
You knew the following spells:

 Your Spells              Type           Power      Damage    Failure   Level
a - Beastly Appendage     Tmut           16%        N/A       9%          1

Your spell library contained the following spells:

 Spells                   Type           Power      Damage    Failure   Level
 Wereblood                Tmut           8%         N/A       13%         2
 Sublimation of Blood     Necr           1%         N/A       28%         2
 Spider Form              Tmut/Pois      5%         N/A       36%         3
 Portal Projectile        Hex/Tloc       2%         N/A       50%         3
 Tukima's Dance           Hex            1%         N/A       50%         3
 Ice Form                 Ice/Tmut       5%         N/A       77%         4
 Corpse Rot               Necr/Pois/Air  1%         N/A       88%         4
 Dispel Undead            Necr           1%         3d6       88%         4
 Blade Hands              Tmut           4%         N/A       93%         5
 Death Channel            Necr           0%         N/A       100%        6
 Summon Hydra             Summ           0%         N/A       100%        7


Dungeon Overview and Level Annotations

Branches:
Dungeon (3/15)

Altars:


Innate Abilities, Weirdness & Mutations

You cannot wear most types of armour.
You are amphibious.
You can wear up to eight rings at the same time.
Your skin changes colour to match your surroundings (Stealth+).
Your rubbery body absorbs attacks. (AC +1, EV +1)
((You are camouflaged when in or above water. (Stealth+)))
You have tentacles for arms and can constrict up to eight enemies at once.


Message History

The phantom is heavily damaged.
The phantom barely misses you.
You tentacle-slap the phantom but do no damage.
Your squeeze misses the phantom.
The phantom is heavily damaged.
The phantom hits you!
The phantom blinks!
You blink.
The phantom hits you. The phantom barely misses you.
The phantom attacks as you move away! The phantom barely misses you.
You tentacle-slap the phantom but do no damage.
The phantom is heavily damaged.
The phantom closely misses you.
You barely miss the phantom. You squeeze the phantom.
The phantom is heavily damaged.
The phantom closely misses you.
You miss the phantom.
The phantom is heavily damaged.
The phantom barely misses you.
You barely miss the phantom. You squeeze the phantom!
The phantom is severely damaged.
The phantom barely misses you.
You completely miss the phantom.
The phantom is severely damaged.
The phantom hits you.
The phantom blinks!
You blink.
You barely miss the phantom.
The phantom is severely damaged.
The phantom closely misses you.
You tentacle-slap the phantom. Your squeeze misses the phantom.
The phantom is almost destroyed.
The phantom hits you.
You closely miss the phantom.
The phantom is almost destroyed.
The phantom hits you.
* * * LOW HITPOINT WARNING * * *
You tentacle-slap the phantom. Your squeeze misses the phantom.
The phantom is almost destroyed.
You tentacle-slap the phantom but do no damage.
The phantom is almost destroyed.
The phantom hits you!
You die...

........##........# #.#.
#..##.###.##.###.#.
#.####..##.# ..>.....#.
#....!.....###..#.......
#.####..................
##.#.......#######.
#.##....### #. #.##....#
#. #@##.############.
#W................
###..############# #...#
#### #...#
.....#######...#
#...........#
#.##......#.# #########
#.######.# #........


You could see a phantom.

Vanquished Creatures
  2 adders (D:2)
  3 worms (D:2)
  6 ball pythons
  11 endoplasms
  2 giant cockroaches
  2 hobgoblins
  7 jackals
  6 kobolds
  3 quokkas
  4 bats
  5 frilled lizards
  6 goblins
  3 rats
60 creatures vanquished.

Vanquished Creatures (others)
  4 plants (D:2)
4 creatures vanquished.

Grand Total: 64 creatures vanquished

Notes
Turn   | Place    | Note
-------+----------+-------------------------------------------
     0 | D:1      | H0rd4k the Octopode Transmuter began the quest for the Orb.
     0 | D:1      | Reached XP level 1. HP: 13/13 MP: 3/3
   138 | D:1      | Reached XP level 2. HP: 15/18 MP: 5/5
   468 | D:1      | Found a faded altar of an unknown god.
   658 | D:1      | Reached skill level 1 in Stealth
   658 | D:1      | Reached XP level 3. HP: 11/23 MP: 6/6
  1741 | D:2      | Reached XP level 4. HP: 20/29 MP: 7/7
  1851 | D:2      | Reached skill level 4 in Unarmed Combat
  2838 | D:3      | Noticed a phantom
  2862 | D:3      | Slain by a phantom

Illustrated notes

Levels and vault maps discovered:
D:1:      dpeg_arrival_solitude, layout_basic, ebering_ecumenical_altar_hall,
          minivault_23, grunt_decor_resistance
D:2:      layout_loops_corners, serial_bayou, serial_bayou_pond_c,
          serial_bayou_shore_a, serial_bayou_lake_a, serial_bayou_pond_e,
          small_statue_intersection
D:3:      cheibrodos_helix_gallery, layout_loops_ring, minmay_checkerbox

Skill      XL: |  1  2  3  4 |
---------------+-------------+-----
Stealth        | 1 |  1.0
Unarmed Combat | 4 |  4.3
Fighting       | 2 |  2.1
Dodging        | |  2.4
Spellcasting   | |  2.2
Transmutations | |  2.0

Action                   |  1- 3 |  4- 6 || total
-------------------------+-------+-------++-------
Melee: Unarmed           |    83 |    65 ||   148
       Tentacles         |    16 |    13 ||    29
       Constrict         |    17 |    15 ||    32
       Punch             |     4 |       ||     4
Throw: Dart              |       |     6 ||     6
 Stab: Sleeping          |     6 |     8 ||    14
       Distracted        |     1 |       ||     1
Armor: Skin              |     8 |     1 ||     9
Dodge: Dodged            |    43 |    38 ||    81
